 Dungeon Crawl Stone Soup version 0.20.1-1-g8b1a95d (webtiles) character file.

385 KoningWillie the Poker (level 6, -3/49 HPs)
             Began as a Merfolk Berserker on Oct 12, 2017.
             Was a Follower of Fedhas.
             Slain by a centaur
             ... wielding an uncursed staff of death
              (4 damage)
             ... on level 5 of the Dungeon.
             The game lasted 00:11:56 (3361 turns).

KoningWillie the Poker (Merfolk Berserker)          Turns: 3361, Time: 00:11:58

Health: -3/49      AC:  2    Str: 18    XL:     6   Next: 77%
Magic:  6/6        EV: 14    Int:  7    God:    Fedhas [*.....]
Gold:   140        SH:  0    Dex: 14    Spells: 5/5 levels left

rFire    . . .     SeeInvis .   n - +2 spear (flame)
rCold    . . .     Gourm    .   (no shield)
rNeg     . . .     Faith    .   f - +0 robe
rPois    .         Spirit   .   (no helmet)
rElec    .         Reflect  .   (no cloak)
rCorr    .         Harm     .   (no gloves)
MR       .....                  (no boots)
Stlth    ++........             j - amulet of regeneration
Regen    0.6/turn               (no ring)
MPRegen  0.1/turn               (no ring)

@: no status effects
A: change form in water, swift swim, stealthy swim
a: Fungal Bloom, Evolution, Renounce Religion


You were on level 5 of the Dungeon.
You worshipped Fedhas.
Fedhas was aware of your devotion.
You were not hungry.

You visited 1 branch of the dungeon, and saw 5 of its levels.

You collected 140 gold pieces.

Inventory:

Hand Weapons
 a - a +0 spear
 n - a +2 spear of flaming (weapon)
Armour
 f - a +0 robe (worn)
 g - a +0 pair of gloves
Jewellery
 j - an amulet of regeneration (around neck)
Scrolls
 l - 3 scrolls of teleportation
Potions
 b - a potion of lignification {unknown}
 e - 2 potions of curing
 h - a potion of invisibility {unknown}
 k - a potion of heal wounds
 m - 2 potions of mutation {unknown}
 o - a potion of degeneration {unknown}
 p - a potion of resistance {unknown}
Comestibles
 c - 2 bread rations
 d - a royal jelly
 s - a fruit


   Skills:
 + Level 4.4 Fighting
 + Level 6.8 Polearms
 * Level 2.1 Throwing
 + Level 1.6 Armour
 * Level 4.8 Dodging
 * Level 2.7 Stealth


You had 5 spell levels left.
You didn't know any spells.

Dungeon Overview and Level Annotations

Branches:
Dungeon (5/15)
 Temple: D:4-7

Altars:
Fedhas
Makhleb
Trog
Yredelemnul
The Shining One

Annotations:
D:4 mfyou's ghost, amateur MiBe


Message History

The centaur is severely wounded.
The centaur misses you.
You barely miss the centaur.
The centaur is severely wounded.
The centaur hits you with an uncursed staff of death.
* * * LOW HITPOINT WARNING * * *
You hit the centaur. You burn the centaur.
The centaur is severely wounded.
The centaur closely misses you.
You completely miss the centaur.
The centaur is severely wounded.
The centaur hits you with an uncursed staff of death!
* * * LOW HITPOINT WARNING * * *
You hit the centaur. You burn the centaur.
The centaur is almost dead.
The centaur hits you with an uncursed staff of death!
* * * LOW HITPOINT WARNING * * *
You writhe in agony!
You die...
Fedhas appreciates your contribution to the ecosystem.

##. ..# # #.#.#
##.#. #... #..#
#..####
#(....############
#@###.##..........
#c..#.##.#########
###.#.##.......###
.#.##....##....
#.##.##.#####.
#....##.#####.
#######.......
########


You could see a centaur.

Vanquished Creatures
  A bullfrog skeleton (D:5)
  4 orc priests
  2 orc wizards
  A worker ant (D:4)
  4 gnolls (D:3)
  5 adders
  2 oozes (D:1)
  A worm (D:2)
  3 dart slugs
  3 leopard geckos
  7 orcs
  3 bats
  2 giant cockroaches (D:1)
  8 hobgoblins
  A jackal (D:1)
  6 frilled lizards
  3 goblins
  3 kobolds
  2 leopard gecko skeletons (D:4)
  10 rats
  A spectral orc (D:2)
72 creatures vanquished.

Notes
Turn   | Place    | Note
-------+----------+-------------------------------------------
     0 | D:1      | KoningWillie the Merfolk Berserker began the quest for the Orb.
     0 | D:1      | Reached XP level 1. HP: 18/18 MP: 1/1
   171 | D:1      | Reached XP level 2. HP: 22/24 MP: 2/2
   381 | D:1      | Reached skill level 5 in Polearms
   825 | D:1      | Reached XP level 3. HP: 30/30 MP: 3/3
  1293 | D:2      | Found a basalt altar of Yredelemnul.
  1501 | D:2      | Reached XP level 4. HP: 32/37 MP: 4/4
  1548 | D:2      | Reached skill level 1 in Stealth
  1924 | D:3      | Reached ** piety under Trog
  1935 | D:3      | Reached skill level 6 in Polearms
  1935 | D:3      | Reached skill level 1 in Throwing
  1935 | D:3      | Reached XP level 5. HP: 25/42 MP: 5/5
  2394 | D:3      | Noticed an ice beast
  2485 | D:4      | Noticed mfyou's ghost (amateur MiBe)
  2833 | D:4      | Found a faded altar of an unknown god.
  2833 | D:4      | Found a burning altar of Makhleb.
  2838 | D:4      | Found a glowing golden altar of the Shining One.
  2843 | D:4      | Fell from the grace of Trog
  2843 | D:4      | Became a worshipper of Fedhas Madash
  2843 | D:4      | Reached * piety under Fedhas
  2846 | D:4      | Found a blossoming altar of Fedhas.
  2848 | D:4      | Found a bloodstained altar of Trog.
  2882 | D:4      | Reached XP level 6. HP: 38/48 MP: 6/6
  3273 | D:5      | Entered Level 5 of the Dungeon
  3361 | D:5      | HP: 1/49 [centaur/uncursed staff of death (7)]
  3361 | D:5      | Slain by a centaur

Skill      XL: |  1  2  3  4  5  6 |
---------------+-------------------+-----
Polearms       | 5 6 |  6.8
Dodging        | 3 4 |  4.8
Stealth        | 1 2 |  2.7
Fighting       | 4 |  4.4
Throwing       | 1 2 |  2.1
Armour         | |  1.6

Action                   |  1- 3 |  4- 6 || total
-------------------------+-------+-------++-------
Melee: Spear             |   100 |   175 ||   275
  Use: Scroll            |     7 |     7 ||    14
       Potion            |       |     2 ||     2
 Stab: Sleeping          |     1 |       ||     1
       Distracted        |       |     1 ||     1
  Eat: Bread ration      |     1 |     1 ||     2
Armor: Animal skin       |     8 |     2 ||    10
       Robe              |       |    18 ||    18
Dodge: Dodged            |    46 |   100 ||   146
